[Event "*** Titled Tuesday Blitz"]
[Site "Chess.com"]
[Date "2019.12.03"]
[Round "10"]
[White "Sunrise777"]
[Black "Radzio1987"]
[Result "0-1"]
[WhiteElo "2694"]
[BlackElo "2860"]
[TimeControl "180+2"]
[EndTime "15:23:00 PST"]
[Termination "Radzio1987 won by resignation"]

1. d4 Nf6 2. c4 c6 3. Nc3 d5 4. Nf3 e6 5. e3 Nbd7 6. Qc2 Bd6 7. Bd3 dxc4 8. Bxc4 b5 9. Bd3 Bb7 10. a3 a5 11. O-O O-O 12. Bd2 Rc8 13. Ne4 Nxe4 14. Bxe4 Nf6 15. b4 Qe7 16. Bd3 axb4 17. axb4 Bxb4 18. Ra7 Bxd2 19. Nxd2 Ra8 20. Rfa1 Rxa7 21.
Rxa7 Ra8 22. Qa2 Qd8 23. Nb3 Qb8 24. Rxa8 Qxa8 25. Qb2 Nd7 26. h4 Qa4 27. Bc2 Qb4 28. Qa1 Qa4 29. Qxa4 bxa4 30. Na5 a3 31. Bb3 Ba6 32. Nxc6 Nb6 33. Nb4 Bb5 34. Nc2 Bc4 35. Bxc4 Nxc4 36. Kf1 a2 37. Ke2 Na3 38. Na1 f5 39.
Kd3 Kf7 40. Kc3 Kg6 41. Kb3 Nb5 42. Kxa2 Nc3+ 43. Kb3 Nd1 44. Kc2 Nxf2 45. Kd2 Kh5 46. Ke2 Ne4 47. Nb3 Kxh4 48. Nc5 Ng5 49. Kd3 Kg3 50. e4 fxe4+ 51. Nxe4+ Nxe4 52. Kxe4 h5 53. Ke5 h4 54. Kxe6 Kxg2 55. d5 h3 56. d6 h2 57.
d7 h1=Q 58. d8=Q Qh6+ 59. Kf5 g6+ 60. Kg4 Qh5+ 61. Kf4 Qf5+ 62. Ke3 Qe5+ 63. Kd3 g5 64. Qd7 Kg3 65. Qa7 Qd5+ 66. Ke2 Qf3+ 67. Ke1 Qh1+ 68. Ke2 Qg2+ 69. Ke1 Qe4+ 70. Kf1 Qd3+ 71. Ke1 g4 72.
Qf2+ Kh3 73. Qf7 g3 74. Qe6+ Kg2 75. Qe5 Qf3 76. Qe7 Qf2+ 77. Kd1 Kf1 78. Qe4 g2 79. Qc4+ Kg1 80. Qg4 Qe3 81. Qf5 Qd4+ 82. Ke2 Qb2+ 83.
Ke1 Qa1+ 84. Ke2 Qf1+ 85. Qxf1+ gxf1=Q+ 0-1

[Event "*** Titled Tuesday Blitz"]
[Site "Chess.com"]
[Date "2019.12.03"]
[Round "10"]
[White "TigrVShlyape"]
[Black "gusanchutik"]
[Result "1-0"]
[WhiteElo "2864"]
[BlackElo "2951"]
[TimeControl "180+2"]
[EndTime "15:23:01 PST"]
[Termination "TigrVShlyape won by resignation"]

1. d4 Nf6 2. Nf3 d5 3. Bf4 e6 4. e3 Bd6 5. Bxd6 Qxd6 6. c4 O-O 7. Nc3 c6 8. Be2 Nbd7 9. O-O b6 10. cxd5 cxd5 11.
Nb5 Qe7 12. Rc1 Bb7 13. Ne5 a6 14. Rc7 Rfb8 15. Nxd7 Nxd7 16. Na3 Qd6 17. Rc1 Nf6 18. Qa4 Bc8 19. Nc2 Bd7 20. Qb4 Ne8 21. Qxd6 Nxd6 22. Nb4 a5 23. Nc6 Rb7 24. Rc2 Kf8 25. Ne5 Ba4 26.
b3 Be8 27. Rfc1 Ke7 28. f3 a4 29. b4 Raa7 30. Kf2 f6 31. Nc6+ Bxc6 32. Rxc6 a3 33. Bd3 f5 34. g4 g6 35. Kg3 fxg4 36. fxg4 b5 37. Kf4 Nc4 38. Bxc4 bxc4 39. Ke5 Rxb4 40. Rxe6+ Kf7 41. Rf1+ Kg7 42. Kxd5 Rb2 43. Kxc4 Rxa2 44.
d5 Rc2+ 45. Kd3 Rxh2 46. d6 Kh6 47. Ra1 a2 48. Re7 Ra6 49. d7 Rd6+ 50. Ke4 Rhd2 51.
Kf4 g5+ 52. Kf5 R2d5+ 53. Ke4 Rxd7 54. Rxd7 Rxd7 55. Rxa2 Re7+ 56. Kd4 Rd7+ 57. Ke5 Kg6 58. e4 h5 59. Ra6+ Kh7 60. gxh5 Rf7 61. Rg6 Ra7 62. Rxg5 Kh6 63. Rf5 Ra1 64. Kd5 Ra5+ 65. Ke6 Ra6+ 66. Ke5 Ra1 67. Kd4 Ra4+ 68. Ke3 Ra3+ 69. Kf4 Ra1 70.
e5 Ra4+ 71. Ke3 Ra1 72. Kd4 Ra4+ 73. Kc5 Ra5+ 74. Kb6 Rd5 75. Kc6 Ra5 76. Rf6+ Kxh5 77. e6 Kg5 78. Rf1 Ra6+ 79. Kd7 Ra7+ 80. Ke8 Kg6 81.
e7 Kg7 82. Rg1+ Kf6 83. Kf8 1-0

[Event "*** Titled Tuesday Blitz"]
[Site "Chess.com"]
[Date "2019.12.03"]
[Round "10"]
[White "saraswathii"]
[Black "Spring199"]
[Result "1/2-1/2"]
[WhiteElo "2246"]
[BlackElo "2307"]
[TimeControl "180+2"]
[EndTime "15:25:01 PST"]
[Termination "Game drawn by stalemate"]

1. d4 Nf6 2. Bf4 d5 3. e3 c5 4. c3 Nc6 5. Nf3 Qb6 6. Qb3 c4 7. Qc2 Bf5 8. Qc1 g6 9. Nbd2 Bg7 10. b3 cxb3 11. Nxb3 O-O 12. Nc5 Rfc8 13. Be2 Ne4 14. Nxe4 dxe4 15. Nd2 e5 16. Nc4 Qc7 17. Bg3 b5 18. Nd2 Nb4 19. O-O Qxc3 20. Qxc3 Rxc3 21.
dxe5 Rc2 22. Rfd1 Nxa2 23. Bxb5 Nc3 24. Ba4 Rb2 25. Nc4 Nxd1 26. Rxd1 Rb4 27. Bc6 Rc8 28. Na5 Bf8 29. h4 Rb2 30. Bd7 Bxd7 31. Rxd7 Rb5 32. Rxa7 Rc1+ 33. Kh2 Ra1 34. Nc6 Rxa7 35. Nxa7 Rc5 36.
f3 exf3 37. gxf3 Rc2+ 38. Kh3 Bc5 39. Nc6 Bxe3 40. Ne7+ Kg7 41. Nd5 Bd4 42. Nb4 Re2 43. Nc6 Ba1 44. f4 Kf8 45. Kg4 h5+ 46. Kf3 Rc2 47.
Nb4 Rc3+ 48. Kg2 Rb3 49. Nd5 Bd4 50. Nf6 Ke7 51. Ng8+ Ke6 52. Nf6 Bb2 53. Ne4 Ba3 54. Ng5+ Ke7 55. Bf2 Bc1 56. Bc5+ Ke8 57. Nh3 Rc3 58.
Bd4 Rc4 59. Bf2 Bxf4 60. Kf3 Bxe5 61. Ng5 Bf6 62. Ne4 Rc6 63. Bg3 Be7 64. Nd2 f5 65. Nf1 Rc3+ 66. Kg2 Kf7 67. Nh2 Kf6 68. Nf3 Bd6 69.
Bxd6 Rc2+ 70. Kg3 Rc4 71. Be5+ Ke6 72. Bf4 Kd5 73. Bh6 Rg4+ 74. Kf2 Ke4 75. Bg5 Kd5 76. Bh6 Ra4 77. Bg7 Ra2+ 78. Kg3 Ra3 79. Kf4 Ra4+ 80. Kg5 Rg4+ 81. Kh6 Ke4 82. Ng5+ Kf4 83. Kxg6 Rxh4 84. Bh6 Ke5 85. Nf3+ Ke4 86. Nxh4 f4 87. Ng2 f3 88. Ne3 h4 89. Kh5 h3 90. Nf1 Kd3 91.
Kg4 Ke2 92. Ng3+ Kf2 93. Kxh3 Kg1 94. Be3+ f2 95. Ne4 Kh1 96. Nxf2+ Kg1 97. Kg3 Kf1 98. Kf3 Kg1 99. Ne4+ Kh1 100. Kf2 Kh2 101. Ng5 Kh1 102. Kf1 Kh2 103. Bf4+ Kh1 104. Be3 Kh2 105. Kf2 Kh1 106.
Kf3 Kh2 107. Bf4+ Kh1 108. Nh3 1/2-1/2

[Event "*** Titled Tuesday Blitz"]
[Site "Chess.com"]
[Date "2019.12.03"]
[Round "10"]
[White "Vugar_Manafov"]
[Black "Leonid_Starozhilov"]
[Result "1-0"]
[WhiteElo "2532"]
[BlackElo "2659"]
[TimeControl "180+2"]
[EndTime "15:26:20 PST"]
[Termination "Vugar_Manafov won by resignation"]

1. e4 g6 2. d4 Bg7 3. Be3 d6 4. Qd2 c5 5. Nc3 cxd4 6. Bxd4 Nf6 7. f3 Nc6 8. Be3 Be6 9. h4 d5 10.
exd5 Nxd5 11. Nxd5 Qxd5 12. Qxd5 Bxd5 13. c3 O-O-O 14. Nh3 e5 15. Nf2 f5 16. Be2 h6 17.
a3 Bb3 18. Bd1 Bc4 19. Be2 Bxe2 20. Kxe2 Rhe8 21. Rad1 Nd4+ 22. Kf1 Nc6 23. Ke2 Kc7 24. Rxd8 Rxd8 25. g4 Re8 26. gxf5 gxf5 27. Rg1 Bf6 28. h5 Nd4+ 29. cxd4 exd4 30. Ne4 fxe4 31. Bf4+ Be5 32. Rg7+ Kc6 33. Rg6+ Kd5 34. fxe4+ Kxe4 35. Bxe5 Rxe5 36. Rxh6 Rg5 37. Re6+ Kd5 38. Re7 b6 39. h6 Rg2+ 40.
Kf1 Rh2 41. h7 d3 42. Rxa7 Kc4 43. Rd7 Rh1+ 44. Kg2 Rh6 45. Kf3 Rf6+ 46. Ke4 Re6+ 47. Kf5 Rh6 48. Kg5 Rh2 49. Kg6 Rg2+ 50. Kf7 Rf2+ 51.
Kg8 Rg2+ 52. Rg7 Rxg7+ 53. Kxg7 d2 54. h8=Q d1=Q 55. Qg8+ Kb5 56. Qe8+ Ka6 57. Qe5 Qd7+ 58. Kf6 Qd8+ 59. Kf5 Qd3+ 60. Kf4 Qd2+ 61. Kf3 Qd8 62. Ke3 Qd1 63. Qc3 Qg1+ 64. Kd3 Kb7 65. Kc4 Qc5+ 66. Kb3 Qb5+ 67. Ka2 Qd5+ 68. Qb3 Qg5 69. Qc4 Qg1 70. a4 Qf2 71. Ka3 Qf8+ 72. Qb4 Qf3+ 73.
Qc3 Qf1 74. b3 Qf8+ 75. Qb4 Qf1 76. Qd4 Qc1+ 77. Kb4 Qe1+ 78. Ka3 Qc1+ 79. Qb2 Qc5+ 80. Ka2 Qh5 81. Qg2+ Ka7 82. Qd2 Qh1 83. Qc3 Qg2+ 84. Ka3 Kb7 85. b4 Qg1 86. Qf3+ Ka7 87. Qf7+ Ka8 88. Qe8+ Kb7 89. Qd7+ Kb8 90. Kb3 Qb1+ 91. Kc4 Qf1+ 92. Qd3 Qf7+ 93. Kc3 Qc7+ 94. Kb3 Ka7 95. Qd4 Qg3+ 96. Kc4 Qc7+ 97. Kb5 Kb7 98. Qd5+ Ka7 99. Qe6 Kb7 100. Qe4+ Ka7 101. Qd5 Qe7 102. Kc6 Qb7+ 103. Kd6 Qg7 104. Kc6 Qb7+ 105. Kd6 Qg7 106. Qe5 Qg6+ 107. Qe6 Qd3+ 108. Ke7 Qh7+ 109. Qf7 Qe4+ 110. Kd6+ Kb8 111. Qf8+ Kb7 112. Qe7+ Qxe7+ 113. Kxe7 Ka6 114. Kd6 Kb7 115. b5 1-0